 Dungeon Crawl Stone Soup version 0.31-a0-940-gdaa99269f9 (webtiles) character file.

Game seed: 12074503522578549772

102 rvierbuc the Covered (level 4, -1/41 HPs)
             Began as a Minotaur Fighter on Oct 21, 2023.
             Slain by a gnoll bouda
             ... wielding a +0 club
              (7 damage)
             ... on level 3 of the Dungeon.
             The game lasted 00:02:42 (1290 turns).

rvierbuc the Covered (Minotaur Fighter)             Turns: 1290, Time: 00:02:43

Health: -1/41      AC:  7    Str: 22    XL:     4   Next: 50%
Magic:  3/3        EV:  9    Int:  5    God:
Gold:   97         SH:  4    Dex: 10    Spells: 3/3 levels left

rFire   + . .        a - +0 war axe
rCold   . . .        c - +0 buckler
rNeg    . . .        b - +0 scale mail
rPois   .            (helmet restricted)
rElec   .            (no cloak)
rCorr   .            (no gloves)
SInv    .            (no boots)
Will    .....        (no amulet) Stlth
                     m - ring of protection from fire
HPRegen 0.26/turn    (no ring)
MPRegen 0.08/turn

%: no passive effects
@: no status effects
A: horns 2, retaliatory headbutt
a: no special abilities


You were on level 3 of the Dungeon.
You visited 1 branch of the dungeon, and saw 3 of its levels.

You collected 97 gold pieces.

Inventory:

Hand Weapons
 a - a +0 war axe (weapon)
 n - a +2 short sword of protection
Armour
 b - a +0 scale mail (worn)
 c - a +0 buckler (worn)
Jewellery
 m - a ring of protection from fire (left hand)
Wands
 p - a wand of roots (6)
Scrolls
 e - a scroll of blinking {unknown}
 g - 3 scrolls of fear {unknown}
 h - a scroll of identify {unknown}
 i - a scroll of poison {unknown}
 j - 2 scrolls of enchant weapon {unknown}
 k - a scroll of vulnerability {unknown}
Potions
 d - 3 potions of might
 f - 2 potions of haste {unknown}
 l - a potion of curing {unknown}
 o - a potion of mutation {unknown}


   Skills:
 + Level 4.5 Fighting
 + Level 3.5 Axes
 + Level 4.5 Armour
 + Level 4.4 Shields


You had 3 spell levels left.
You didn't know any spells.
Your spell library was empty.

Dungeon Overview and Level Annotations

Branches:
Dungeon (3/15)

Altars:


Innate Abilities, Weirdness & Mutations

You have a pair of horns on your head.
You reflexively headbutt those who attack you in melee.


Message History

You hit the plant. You hit the gnoll.
A nearby plant withers and dies. x2
The gnoll closely misses you. You furiously retaliate!
You headbutt the gnoll. The gnoll bouda barely misses you.
The gnoll hits you with a +0 flail. The gnoll hits you with a +0 club.
The gnoll bouda hits you with a +0 club.
You are too injured to fight recklessly!
You completely miss the gnoll. Your headbutt misses the gnoll.
The gnoll is almost dead.
You hit the gnoll bouda. You hit the gnoll. The gnoll hits you with a +0 flail!
* * * LOW HITPOINT WARNING * * *
The gnoll hits you but does no damage.
The gnoll bouda hits you with a +0 club.
* * * LOW HITPOINT WARNING * * *
You hit the gnoll.
You kill the gnoll!
You barely miss the gnoll bouda. You hit the gnoll.
You kill the gnoll!
Your attacks no longer feel as feeble.
A nearby plant withers and dies.
The gnoll bouda prays to its god.
The gnoll bouda is healed somewhat.
The gnoll bouda misses you. You furiously retaliate!
You headbutt the gnoll bouda, but do no damage.
You completely miss the gnoll bouda.
The gnoll bouda is severely wounded.
The gnoll bouda hits you with a +0 club.
* * * LOW HITPOINT WARNING * * *
You hit the gnoll bouda. Your headbutt misses the gnoll bouda.
The gnoll bouda is severely wounded.
The gnoll bouda closely misses you. You furiously retaliate!
You headbutt the gnoll bouda, but do no damage.
You closely miss the gnoll bouda.
The gnoll bouda is severely wounded.
The gnoll bouda mumbles some strange prayers to its god.
The gnoll bouda is healed somewhat.
You hit the gnoll bouda.
The gnoll bouda is severely wounded.
The gnoll bouda barely misses you.
The gnoll bouda hits you with a +0 club!
You die...

##.../...#
#..P.PP...
#.PP...PP.
#.P$...PP.
#?P....PP.
#.....P.P.
#.g)..PP..
####.@).PPP..
####............
#..........###..
.......<.......#
#..........#####
##.........#
##........#
##.......#
........#


You could see a gnoll bouda.

Vanquished Creatures
  6 gnolls
  An adder (D:2)
  3 bats
  2 endoplasms (D:2)
  3 giant cockroaches
  4 goblins
  3 hobgoblins
  2 ball pythons
  A frilled lizard (D:2)
  6 kobolds
  7 rats
38 creatures vanquished.

Notes
Turn   | Place    | Note
-------+----------+-------------------------------------------
     0 | D:1      | rvierbuc the Minotaur Fighter began the quest for the Orb.
     0 | D:1      | Reached XP level 1. HP: 19/19 MP: 0/0
   327 | D:1      | Reached XP level 2. HP: 27/27 MP: 1/1
   866 | D:2      | Reached XP level 3. HP: 28/33 MP: 2/2
   883 | D:2      | Reached XP level 4. HP: 17/40 MP: 3/3
  1290 | D:3      | Slain by a gnoll bouda

Illustrated notes

Levels and vault maps discovered:
D:1:      saegor_arrival_miasma, layout_basic, serial_curves, eino_curves_01,
          eino_curves_02
D:2:      layout_rooms
D:3:      layout_rooms, elyvilon_altar_1, minmay_misc_feat_rows,
          nicolae_grassy_gnolls

Skill      XL: |  1  2 |
---------------+-------+-----
Armour         | 4 |  4.5
Fighting       | 4 |  4.5
Shields        | 4 |  4.4
Axes           | 3 |  3.5

Action                     |  1- 3 |  4- 6 || total
---------------------------+-------+-------++-------
  Melee: War axe           |    71 |    19 ||    90
         Headbutt          |     9 |     3 ||    12
 Armour: Scale mail        |    56 |    16 ||    72
  Dodge: Dodged            |    36 |     8 ||    44
  Block: Buckler           |    14 |     4 ||    18

Table legend: (Time is in decaauts)
 A = Elapsed time spent in this place.
 B = Non-inter-level travel time spent in this place.
 C = Inter-level travel time spent in this place.
 D = Time resting spent in this place.
 E = Time spent auto-exploring this place.
 F = Levels seen in this place.
 G = Mean time per level.
                   A        B        C        D        E       F      G
               +--------+--------+--------+--------+--------+-----+--------+
         Total |   1323 |   1214 |    109 |      0 |    989 |   3 |  441.0 |
       Dungeon |   1323 |   1214 |    109 |      0 |    989 |   3 |  441.0 |
               +--------+--------+--------+--------+--------+-----+--------+

Top non-repeatable levels by time:
     D:1: 771 daAuts
     D:2: 534 daAuts
     D:3: 17 daAuts
